Map: 골든 월 - 래더

Players

Bunny

  • Race: Terran Terran
  • Spawn Location: 7:00

AfreecaDRG (DRG) - Winner!

  • Race: Zerg Zerg
  • Spawn Location: 5:00

Event: War Chest Team League

VOD

Have the link to the VOD?

Description

Time

  • Played on: Aug. 2, 2020, 8:09 a.m.
  • Length: 15:39
Show
View Real Time Build Order
Export as new Build Order

Bunny Terran 

Build Orders: Reaper Expand 

Get SALT Encoding   

  12  0:00  SCV  
  13  0:12  SCV  
  14  0:17  Supply Depot  
  14  0:24  SCV  
  15  0:39  SCV  
  15  0:40  Barracks  
  16  0:43  Refinery  
  16  0:51  SCV  
  17  1:03  SCV  
  18  1:15  SCV  
  19  1:27  Orbital Command  
  19  1:28  Reaper  
  20  1:40  Command Center  
  20  1:50  Supply Depot  
  20  1:53  SCV  
  21  1:59  Marine  
  22  2:05  SCV  
  22  2:07  Factory  
  23  2:17  SCV  
  23  2:21  Barracks Reactor  
  24  2:29  SCV  
  25  2:41  SCV  
  26  2:46  Command Center  
  26  2:52  Orbital Command  
  26  2:53  SCV  
  27  3:01  Hellion x2  
  32  3:05  SCV  
  32  3:06  Barracks Tech Lab  
  32  3:13  Barracks  
  32  3:17  SCV  
  32  3:18  SCV  
  34  3:24  Hellion  
  34  3:25  Hellion  
  38  3:27  Marine  
  38  3:29  SCV  
  38  3:30  SCV  
  41  3:34  Stimpack  
  41  3:42  SCV x2  
  41  3:44  Refinery  
  41  3:45  Marine  
  44  3:48  Supply Depot  
  44  3:54  SCV  
  44  3:55  SCV  
  46  3:59  Orbital Command  
  46  4:03  Factory Reactor  
  46  4:05  Starport  
  46  4:06  SCV  
  46  4:07  SCV  
  48  4:10  Marine x3  
  51  4:18  SCV  
  51  4:19  SCV, Refinery  
  53  4:25  SCV  
  53  4:28  Marine x3  
  53  4:29  Refinery  
  53  4:30  SCV  
  53  4:31  SCV  
  59  4:36  Supply Depot  
  59  4:42  SCV  
  59  4:43  SCV  
  61  4:45  Marine x2  
  61  4:46  Marine  
  61  4:48  Medivac  
  61  4:49  Medivac  
  61  4:50  Engineering Bay  
  68  4:54  Supply Depot  
  68  4:55  Engineering Bay  
  68  4:57  Factory Tech Lab  
  68  4:59  Orbital Command  
  68  5:02  SCV x2  
  68  5:05  Marine x2  
  68  5:06  Marine  
  73  5:13  Supply Depot  
  74  5:14  SCV x2  
  74  5:15  Siege Tank  
  74  5:20  Terran Infantry Armor Level 1, Terran Infantry Weapons Level 1  
  78  5:24  SCV  
  78  5:26  SCV  
  78  5:27  SCV  
  78  5:28  Marine x3  
  84  5:33  Supply Depot  
  84  5:37  Combat Shield  
  84  5:39  Barracks  
  84  5:43  SCV x2  
  84  5:44  SCV  
  84  5:46  Medivac x2  
  91  5:51  Marine x2  
  91  5:54  Marine  
  94  5:58  Supply Depot x2  
  94  5:59  SCV x3  
  94  6:03  Missile Turret  
  97  6:08  Barracks  
  97  6:09  Barracks  
  97  6:13  Siege Tank  
  97  6:15  SCV  
  101  6:19  Armory, SCV x2  
  101  6:21  Supply Depot  
  101  6:23  Supply Depot  
  103  6:26  Missile Turret  
  103  6:27  Barracks Reactor, Marine  
  103  6:28  Marine x2  
  106  6:35  Refinery  
  106  6:36  Supply Depot  
  106  6:38  Supply Depot  
  106  6:39  SCV x3  
  109  6:46  Marine x3  
  110  6:49  Widow Mine  
  110  6:50  Command Center  
  112  6:55  Missile Turret  
  112  6:57  SCV  
  112  6:58  SCV x2  
  112  7:00  Supply Depot x2  
  114  7:01  Barracks Reactor x2  
  114  7:04  Marine x3  
  114  7:05  Missile Turret  
  117  7:11  Widow Mine  
  117  7:15  Medivac x2, Marine x2  
  123  7:20  Drilling Claws  
  123  7:22  Marine x2, Missile Turret  
  127  7:25  Marine  
  127  7:26  Factory  
  128  7:33  Marine x2, Widow Mine  
  128  7:34  Terran Infantry Weapons Level 2, Terran Infantry Armor Level 2  
  132  7:39  Marine x3  
  132  7:40  Marine x3  
  137  7:45  Missile Turret  
  137  7:47  Missile Turret  
  137  7:50  Medivac  
  137  7:51  Medivac  
  141  7:52  Marine x3  
  141  7:54  Widow Mine  
  141  7:56  Marine  
  147  8:04  Marine x5  
  152  8:10  Marine x2  
  152  8:11  Marauder  
  156  8:14  Factory Reactor, Marine  
  156  8:18  Barracks  
  156  8:19  Barracks  
  157  8:20  Barracks  
  157  8:26  Marine x5  
  150  8:28  Marine x2  
  150  8:32  Marauder, Marine  
  150  8:33  Widow Mine  
  129  8:35  Medivac  
  129  8:36  Medivac  
  131  8:44  Marine x4  
  133  8:52  SCV x3  
  133  8:53  Thor  
  133  8:54  Planetary Fortress  
  142  8:57  Widow Mine x2  
  142  8:58  Marauder  
  148  9:04  SCV x3  
  148  9:06  Terran Vehicle Weapons Level 1  
  151  9:12  Barracks Tech Lab x3  
  151  9:16  SCV  
  151  9:17  Missile Turret x2, SCV x2  
  154  9:19  Marauder  
  154  9:21  Marine x6  
  154  9:22  Marine x2, Concussive Shells  
  166  9:24  Widow Mine  
  166  9:28  SCV  
  166  9:30  SCV  
  169  9:32  Missile Turret  
  169  9:33  Widow Mine  
  169  9:37  Marauder x3, Widow Mine  
  178  9:46  Missile Turret  
  178  9:47  Missile Turret x2  
  178  9:50  Missile Turret x2  
  178  9:52  Refinery  
  178  9:54  Marauder  
  178  9:56  Marine x7  
  178  9:58  Marauder x2  
  187  10:01  Sensor Tower, Missile Turret  
  187  10:13  Marauder  
  179  10:16  Marauder  
  179  10:17  Medivac x2  
  179  10:20  Marauder x2  
  179  10:21  Terran Infantry Weapons Level 3  
  185  10:23  Marine x3  
  188  10:30  Marine  
  188  10:44  Command Center  
  188  10:45  Marine x2  
  188  10:46  Marine  
  188  10:47  Supply Depot x2, Marine x3  
  188  10:48  Marauder, Marine x2  
  188  10:49  Marauder x3  
  185  10:50  Widow Mine  
  185  10:51  Widow Mine x2  
  175  11:03  Marine x2  
  175  11:04  Marine x2  
  172  11:05  Marine x3  
  172  11:06  Marine  
  172  11:09  Marauder  
  172  11:10  Marauder  
  172  11:11  Marauder x2  
  174  11:12  Widow Mine x2  
  174  11:14  Thor  
  177  11:21  Marine x2  
  179  11:29  Marine x6  
  179  11:31  Marauder  
  179  11:32  Marine  
  188  11:33  Terran Infantry Armor Level 3  
  188  11:35  Marauder  
  188  11:37  Marauder  
  188  11:39  Marine x2  
  183  11:45  Medivac  
  183  11:47  Marine  
  158  11:53  Missile Turret  
  159  11:55  Missile Turret  
  159  12:00  Marauder x4, Marine x7  
  172  12:04  Marine  
  173  12:09  Medivac  
  166  12:20  Planetary Fortress  
  166  12:21  Marauder  
  166  12:22  Missile Turret  
  163  12:23  Marauder, Marine, Missile Turret x2  
  163  12:24  Marine x9  
  175  12:31  Medivac  
  177  12:41  Marine x4  
  177  12:42  Marauder x2  
  177  12:43  Marauder  
  187  12:50  Medivac  
  172  12:56  Marine x5  
  165  12:59  Marine x4  
  165  13:00  Widow Mine x3  
  165  13:03  Marauder  
  165  13:04  Marauder x2  
  172  13:06  Missile Turret  
  172  13:07  Missile Turret  
  172  13:10  SCV x5  
  175  13:22  Marine x8  
  178  13:34  Marauder x2  
  178  13:35  Marauder  
  178  13:41  Marine x9  
  145  13:52  Medivac x2  
  145  13:54  Widow Mine x2  
  145  13:55  Marine  
  136  13:56  Marauder x2  
  136  14:02  Marauder  
  122  14:03  Missile Turret  
  122  14:05  Marine x3  
  122  14:07  Marine  
  121  14:12  Marine x2, Missile Turret  
  121  14:13  Marauder  
  121  14:15  Marine x2  
  121  14:17  Marine  
  125  14:20  Widow Mine x2  
  125  14:23  Widow Mine  
  132  14:25  Marauder x2  
  136  14:35  Marauder x2  
  136  14:36  Orbital Command  
  140  14:43  Marine x8  
  135  14:46  Marauder, Marine  
  136  14:56  Marauder x2  
  131  15:00  Widow Mine x3  
  131  15:01  Marine x3  
  131  15:04  Marauder  
  135  15:10  Marauder, Marine x5  
  128  15:18  Marauder  
  128  15:19  Marine  
Show
View Real Time Build Order
Export as new Build Order

AfreecaDRG Zerg - Winner!

Build Orders: Hatch First, Muta Ling Bane 

Get SALT Encoding   

  12  0:00  Drone  
  13  0:12  Overlord  
  13  0:17  Drone  
  14  0:30  Drone x2  
  16  0:49  Hatchery  
  15  0:51  Drone  
  15  0:55  Drone  
  17  0:58  Drone  
  18  1:09  Extractor  
  17  1:14  Spawning Pool  
  17  1:17  Drone  
  17  1:20  Drone  
  18  1:28  Drone  
  19  1:38  Drone  
  20  1:49  Drone  
  21  2:01  Queen x2  
  21  2:02  Zergling x4  
  27  2:10  Overlord  
  27  2:11  Metabolic Boost, Drone  
  28  2:30  Drone  
  28  2:31  Drone  
  28  2:33  Drone  
  28  2:34  Drone  
  31  2:37  Queen  
  31  2:40  Queen  
  35  2:46  Overlord  
  35  2:49  Overlord  
  35  3:04  Drone x2  
  35  3:05  Drone x2  
  39  3:10  Drone x3  
  39  3:12  Drone x2  
  44  3:15  Drone  
  45  3:22  Drone x2  
  47  3:32  Hatchery  
  47  3:34  Drone x2  
  48  3:38  Lair  
  48  3:45  Zergling x2  
  48  3:46  Drone  
  50  3:49  Extractor x2, Overlord  
  50  3:52  Drone x2  
  50  3:55  Drone  
  50  4:02  Overlord  
  51  4:03  Baneling Nest  
  51  4:05  Drone  
  51  4:08  Drone x3  
  54  4:11  Extractor  
  54  4:12  Queen  
  54  4:15  Drone x2  
  57  4:20  Drone x3  
  60  4:25  Drone x2  
  60  4:30  Overlord  
  62  4:34  Drone x2  
  64  4:39  Overseer, Spire  
  64  4:45  Overlord  
  63  4:48  Drone x3  
  67  4:52  Drone  
  67  4:56  Drone x4  
  67  4:59  Overlord, Drone  
  72  5:05  Overlord  
  72  5:10  Centrifical Hooks  
  72  5:12  Extractor x2, Zergling x6  
  73  5:16  Zergling x4  
  73  5:19  Baneling x5  
  75  5:24  Zergling x4  
  75  5:25  Spore Crawler  
  76  5:29  Zergling x8  
  76  5:31  Zergling x6  
  83  5:36  Zergling x6  
  83  5:39  Overlord  
  86  5:43  Overlord  
  85  5:58  Mutalisk x6  
  85  6:02  Mutalisk x2  
  101  6:09  Zerg Flyer Weapons Level 1  
  101  6:12  Drone x4  
  101  6:14  Drone  
  106  6:20  Drone x5  
  111  6:25  Evolution Chamber  
  111  6:26  Evolution Chamber  
  111  6:28  Drone x3  
  112  6:34  Drone x3  
  112  6:37  Mutalisk  
  117  6:44  Overlord x2  
  117  6:51  Hatchery  
  116  6:54  Zerg Ground Armor Level 1  
  116  6:59  Zerg Melee Weapons Level 1  
  116  7:01  Overlord  
  116  7:02  Mutalisk x2  
  116  7:05  Mutalisk  
  122  7:09  Pneumatized Carapace  
  122  7:13  Mutalisk x3  
  128  7:22  Drone x5  
  133  7:23  Drone x3  
  133  7:27  Overlord x2  
  133  7:28  Overlord  
  136  7:35  Overlord  
  136  7:37  Zergling x2  
  136  7:40  Zergling x2  
  136  7:42  Baneling x11  
  138  7:47  Zergling x18  
  147  7:53  Zergling x6  
  147  7:56  Baneling  
  147  7:57  Baneling x6  
  151  7:58  Zergling x6  
  151  8:03  Zergling x2  
  154  8:06  Zergling x2  
  154  8:09  Zergling x8  
  159  8:13  Zerg Flyer Weapons Level 2  
  159  8:14  Zergling x14  
  166  8:21  Baneling x3  
  166  8:22  Baneling  
  166  8:24  Zergling x10  
  158  8:33  Mutalisk x2  
  145  8:36  Drone  
  145  8:37  Drone, Infestation Pit  
  146  8:45  Baneling x8  
  146  8:48  Drone x3  
  149  8:49  Extractor, Queen  
  149  8:53  Zerg Melee Weapons Level 2  
  149  8:55  Zerg Ground Armor Level 2  
  150  8:58  Overlord  
  150  9:00  Mutalisk  
  150  9:01  Zergling x12  
  158  9:10  Baneling x6  
  158  9:15  Hatchery  
  158  9:16  Hive  
  157  9:18  Spore Crawler  
  157  9:21  Overseer  
  157  9:22  Overlord, Overseer  
  152  9:31  Drone  
  152  9:32  Drone x6  
  152  9:35  Zergling x18  
  152  9:37  Baneling x4  
  168  9:42  Zergling x10  
  173  9:49  Mutalisk x2  
  177  10:00  Zergling x18  
  177  10:04  Baneling x14  
  179  10:16  Zergling x2  
  179  10:17  Zergling x28  
  179  10:18  Baneling x5  
  191  10:28  Zergling x14  
  197  10:33  Adrenal Glands  
  197  10:40  Baneling x7  
  197  10:41  Zergling x4  
  197  10:42  Overlord  
  198  10:49  Zergling x14  
  194  10:56  Zergling x26  
  188  11:02  Ultralisk Cavern  
  180  11:06  Mutalisk x3  
  173  11:13  Zergling x2  
  173  11:14  Zerg Melee Weapons Level 3  
  173  11:15  Zerg Ground Armor Level 3  
  173  11:17  Baneling x2  
  170  11:22  Zergling x8  
  170  11:24  Drone x3  
  173  11:36  Zergling x18  
  165  11:43  Mutalisk x5  
  165  11:46  Zergling x4  
  159  11:47  Baneling  
  159  11:48  Baneling  
  159  11:49  Zergling x2  
  159  11:50  Zergling x4  
  159  11:51  Baneling x4  
  162  11:55  Zergling x2  
  162  11:59  Zergling x12  
  168  12:02  Chitinous Plating  
  168  12:04  Zergling x20  
  177  12:10  Zergling x4  
  177  12:13  Zergling x2  
  172  12:16  Zergling x4  
  172  12:19  Zergling x2  
  172  12:20  Zergling x2  
  170  12:23  Zergling x2, Queen  
  170  12:26  Baneling x17  
  170  12:28  Zergling x10  
  177  12:33  Zergling x12  
  183  12:41  Ultralisk, Hatchery  
  188  12:50  Baneling x5  
  188  12:53  Zergling x24  
  198  13:02  Zergling x18  
  193  13:06  Queen  
  193  13:10  Zergling x12, Overseer  
  193  13:12  Baneling x9  
  196  13:22  Zergling x8  
  199  13:40  Zergling x16  
  197  13:46  Zergling x24  
  190  13:50  Zergling x8  
  190  13:51  Anabolic Synthesis  
  187  14:00  Zergling x2  
  187  14:01  Zergling x12  
  184  14:05  Ultralisk x2  
  184  14:06  Zergling x6  
  191  14:12  Baneling x3  
  191  14:13  Baneling x11  
  191  14:16  Zergling x10  
  192  14:25  Baneling x6  
  192  14:29  Zergling x16  
  200  14:44  Zergling x10  
  182  14:53  Zergling x20  
  192  15:04  Zergling x12  
  187  15:11  Zergling x24  
  188  15:15  Zergling x2  
  188  15:16  Zergling x4  
  188  15:19  Drone x3  
Tags
 
Add a new tag
Caveats
  • Supply blocks, unpowered buildings, or Contaminate may cause inaccurate times.
  • Supply counts are checked every 10 seconds.